 Adventure DCSS version bcrawl-1.27.3 (webtiles) character file.

Game seed: 9126597706703241490

100648 Gorglomux the Conjurer (level 2, 13/17 HPs)
             Began as a Fairy Conjurer on Aug 21, 2020.
             Quit the game on level 1 of the Dungeon.
             The game lasted 00:01:29 (202 turns).

Gorglomux the Conjurer (Fairy Conjurer)              Turns: 202, Time: 00:01:29

Health: 13/17      AC:  3    Str:  6    XL:     2   Next: 12%
Magic:  8/8        EV: 14    Int: 18    God:
Gold:   36         SH:  8    Dex: 12    Spells: 6/7 levels left
                                        Lives:  2   Deaths: 0

rFire    . . .     SeeInvis .     - Fists (2.4)
rCold    . . .     Gourm    .   d - +0 buckler
rNeg     . . .     Faith    .   (armour unavailable)
rPois    .         Spirit   .   (no helmet)
rElec    .         Reflect  .   (no cloak)
rCorr    .         Harm     .   (no gloves)
MR       .....                  (no boots)
Stlth    +.........             (no amulet)
HPRegen  0.05/turn              (no ring)
MPRegen  0.11/turn              (no ring)

@: flying evasively, very slightly contaminated
A: small, magic attunement, unstealthy, unfitting armour, able to fly, AC/SH +3
a: Stop Flying


You were on level 1 of the Dungeon.
You were not hungry.

You visited 1 branch of the dungeon, and saw 1 of its levels.

You collected 36 gold pieces.

Inventory:

Armour
 d - a +0 buckler (worn)
Scrolls
 a - a scroll of teleportation {unknown}
Potions
 b - a potion of magic
Comestibles
 c - 3 chunks of flesh
 e - 2 rations {!d}


   Skills:
 + Level 2.9 Dodging
 - Level 1.5 Stealth
 + Level 0.5 Shields
 * Level 3.1 Spellcasting
 + Level 4.9 Conjurations


You had 6 spell levels left.
You knew the following spells:

 Your Spells              Type           Power        Failure   Level  Hunger
a - Magic Dart            Conj           ###.         8%          1    None

Your spell library contained the following spells:

 Spells                   Type           Power        Failure   Level  Hunger
 Searing Ray              Conj           ###.....     12%         2    None
 Iskenderun's Mystic Bla  Conj           ###.....     24%         3    None
 Fulminant Prism          Conj/Hex       ##........   91%         4    None
 Irradiate                Conj/Tmut      ##........   99%         5    None


Dungeon Overview and Level Annotations

Branches:
Dungeon (1/12)

Altars:


Innate Abilities, Weirdness & Mutations

Your spells do not cause hunger and MP costs are reduced by 1.
Your bright wings attract enemies. (Stealth-)
You cannot fit into any form of body armour.
Your shimmering scales are hard and can block incoming attacks. (AC +3, SH +3)
You are small and have problems with some larger weapons.
You can fly continuously.


Message History

Confirm with . or Enter, or press ? or * to list all spells.
Aiming: Magic Dart (safe; 9% risk of failure)
Press: ? - help, Shift-Dir - straight line, f/p - goblin
Aim: a goblin, wielding a +0 dagger (severely wounded)
The magic dart hits the goblin.
You kill the goblin!
Casting: Magic Dart (safe; 8% risk of failure)
Confirm with . or Enter, or press ? or * to list all spells.
You can't see any susceptible monsters within range! (Use Z to cast anyway.) Unknown command.
Casting: Magic Dart (safe; 8% risk of failure)
Confirm with . or Enter, or press ? or * to list all spells.
You can't see any susceptible monsters within range! (Use Z to cast anyway.)
Things that are here:
a +0 dagger; a goblin corpse You butcher the goblin corpse.
c - 3 chunks of flesh (gained 2)
Things that are here:
a +0 dagger; a goblin skeleton Are you sure you want to abandon this character and quit the game? (Confirm with "yes".)

...#...#...#...#.........
...#...#.......#.........
...#...#......##.........
............###.(........
........#####............
...######................
#### ..##......†......
#...).........
#########@.......
.................
....).†..........
..%......†.......
.......†.........
..%..............
..........#######
........... ....!.......


There were no monsters in sight!

Vanquished Creatures
  3 bats (D:1)
  A giant cockroach (D:1)
  A goblin (D:1)
  A hobgoblin (D:1)
  2 rats (D:1)
8 creatures vanquished.

Notes
Turn   | Place    | Note
-------+----------+-------------------------------------------
     0 | D:1      | Gorglomux the Fairy Conjurer began the quest for the Orb.
     0 | D:1      | Reached XP level 1. HP: 11/11 MP: 6/6
   189 | D:1      | Reached XP level 2. HP: 13/17 MP: 8/8
   202 | D:1      | Quit the game

Skill      XL: |  1 |
---------------+----+-----
Spellcasting   | 3 |  3.1
Dodging        | |  2.9
Stealth        | |  1.5
Shields        | |  0.5
Conjurations   | |  4.9

Action                   || total
-------------------------++-------
 Cast: Magic Dart        ||    16
Armor: Skin              ||     3
Dodge: Dodged            ||     3
Block: Buckler           ||     5
